 Dungeon Crawl Stone Soup version 0.29.1-13-g9f3cf754e1 (webtiles) character file.

Game seed: 176963850770400328

15027 zlionsfan the Magician (level 11, -8/72 HPs)
             Began as a Demonspawn Enchanter on Feb 4, 2023.
             Was an Elder of Hepliaklqana.
             Mangled by a komodo dragon (27 damage)
             ... on level 1 of the Lair of Beasts.
             The game lasted 00:52:01 (13767 turns).

zlionsfan the Magician (Demonspawn Enchanter)      Turns: 13767, Time: 00:52:02

Health: -8/72      AC:  5    Str:  9    XL:     11   Next: 96%
Magic:  13/22      EV: 14    Int: 19    God:    Hepliaklqana [****..]
Gold:   413        SH:  9    Dex: 21    Spells: 10/25 levels left

rFire   . . .      SeeInvis .   a - +3 dagger of Rubbish {spect, rN+}
rCold   + . .      Faith    .   y - +3 buckler "Edarumupn" {rElec rC+}
rNeg    + . .      Spirit   .   E - +2 robe {Will+}
rPois   .          Reflect  .   (helmet unavailable)
rElec   +          Harm     .   I - +0 cloak
rCorr   .          Rampage  .   (no gloves)
Will    +....                   (no boots)
Stlth   ++++......              t - amulet of magic regeneration
HPRegen 0.22/turn               K - +6 ring of dexterity
MPRegen 0.58/turn               P - +4 ring of slaying

@: studying Throwing
A: reduced essence, hooves 1, horns 3, spiny 3
a: Renounce Religion, Recall Ancestor, Ancestor Identity, Transference, Idealise


You were on level 1 of the Lair of Beasts.
You worshipped Hepliaklqana.
Hepliaklqana was greatly pleased with you.
You visited 3 branches of the dungeon, and saw 13 of its levels.
You also visited: Ossuary.

You collected 748 gold pieces.
You spent 335 gold pieces at shops.

Inventory:

Hand Weapons
 a - the +3 dagger of Rubbish (weapon) {spect, rN+}
   (You bought it in a shop on level 1 of the Dungeon)

   When its wielder attacks, the weapon's spirit leaps out and strikes again.
   The spirit shares a part of any damage it takes with its wielder.
   rN:        It protects you from negative energy.
 b - the +9 sling of Giviuduli {vorpal, Str+3}
   (You found it on level 7 of the Dungeon)

   Any ammunition fired from it inflicts extra damage upon your enemies.
   Str:       It affects your strength (+3).
 c - a +5 dagger of venom
Missiles
 m - 2 throwing nets (quivered)
 U - 3 silver javelins
Armour
 y - the +3 buckler "Edarumupn" (worn) {rElec rC+}
   (You found it on level 3 of the Dungeon)

   rC:        It protects you from cold.
   rElec:     It insulates you from electricity.
 E - a +2 robe of willpower (worn)
 I - a +0 cloak (worn)
Jewellery
 t - an amulet of magic regeneration (around neck)
 u - a ring of see invisible
 w - a ring of resist corrosion
 C - a ring of protection from cold
 K - a +6 ring of dexterity (left hand)
 O - a ring of wizardry
 P - a +4 ring of slaying (right hand)
 Q - a ring of protection from fire
 T - a ring of magical power
 W - an amulet of reflection
 X - a +4 ring of evasion
Wands
 j - a wand of polymorph (2)
 N - a wand of iceblast (11)
 V - a wand of charming (3)
Scrolls
 e - 4 scrolls of vulnerability
 k - a scroll of summoning {unknown}
 p - 5 scrolls of amnesia
 q - 3 scrolls of teleportation
 r - 3 scrolls of fear
 s - 3 scrolls of silence
 v - 2 scrolls of immolation
 B - 5 scrolls of blinking {unknown}
 D - a scroll of enchant armour {unknown}
 F - 3 scrolls of poison
 G - 2 scrolls of magic mapping {unknown}
 M - a scroll of acquirement {unknown}
 R - a scroll of torment {unknown}
Potions
 d - 6 potions of mutation
 g - 2 potions of brilliance {unknown}
 h - 4 potions of curing
 i - 4 potions of haste
 l - 2 potions of flight {unknown}
 n - 4 potions of lignification
 o - 2 potions of attraction {unknown}
 x - a potion of berserk rage {unknown}
 z - a potion of might {unknown}
 A - 3 potions of cancellation {unknown}
 H - a potion of magic {unknown}
 J - 9 potions of ambrosia
 L - a potion of invisibility
 S - 2 potions of degeneration {unknown}


   Skills:
 + Level 6.0 Fighting
 * Level 7.8 Short Blades
 + Level 0.5 Ranged Weapons
 + Level 3.7 Dodging
 + Level 7.7 Stealth
 + Level 3.1 Shields
 * Level 7.9 Spellcasting
 * Level 5.2 Conjurations
 + Level 6.7 Hexes
 * Level 5.0 Ice Magic
 * Level 6.9 Invocations


You had 10 spell levels left.
You knew the following spells:

 Your Spells              Type           Power      Damage    Failure   Level
a - Ensorcelled Hibernat  Hex/Ice        60%        N/A       1%          2
b - Confusing Touch       Hex            33%        N/A       2%          3
c - Tukima's Dance        Hex            33%        N/A       2%          3
d - Dazzling Flash        Conj/Hex       60%        N/A       3%          3
e - Fulminant Prism       Conj/Hex       15%        3d11      11%         4

Your spell library contained the following spells:

 Spells                   Type           Power      Damage    Failure   Level
 Cause Fear               Hex            16%        N/A       8%          4
 Inner Flame              Hex/Fire       20%        N/A       9%          3
 Portal Projectile        Hex/Tloc       40%        N/A       9%          3
 Leda's Liquefaction      Hex/Erth       10%        N/A       30%         4
 Call Canine Familiar     Summ           7%         N/A       36%         3
 Iskenderun's Mystic Bla  Conj/Tloc      17%        2d5       38%         4
 Alistair's Intoxication  Tmut/Pois      4%         N/A       98%         5
 Borgnjor's Vile Clutch   Necr/Erth      3%         N/A       98%         5
 Lee's Rapid Deconstruct  Erth           3%         3d6*      98%         5
 Eringya's Noxious Bog    Tmut/Pois      3%         N/A       100%        6
 Discord                  Hex            16%        N/A       100%        8


Dungeon Overview and Level Annotations

Branches:
Dungeon (11/15)            Temple (1/1) D:5            Lair (1/5) D:10
Ossuary (visited)
    Orc: D:9-12

Altars:
Ashenzari
Cheibriados
Dithmenos
Fedhas
Gozag
Hepliaklqana
Kikubaaqudgha
Makhleb
Nemelex Xobeh
Okawaru
Qazlal
Ru
Sif Muna
Trog
Uskayaw
Vehumet
Wu Jian
Xom
Yredelemnul

Shops:
D:1 (   D:3 =!   D:5 :


Innate Abilities, Weirdness & Mutations

Your life essence is reduced to manifest your ancestor. (-10% HP)
You have large cloven feet.
You have a pair of large horns on your head.
You are completely covered in sharp spines.


Message History

The komodo dragon closely misses you.
Casting: Ensorcelled Hibernation (safe; 1% risk of failure)
Confirm with . or Enter, or press ? or * to list all spells.
Aiming: Ensorcelled Hibernation (safe; 1% risk of failure)
Press: ? - help, Shift-Dir - straight line, f/p - komodo dragon
Aim: a komodo dragon (lightly wounded, chance to affect: 42%)
The komodo dragon resists with some effort.
The komodo dragon closely misses you.
Casting: Ensorcelled Hibernation (safe; 1% risk of failure)
Confirm with . or Enter, or press ? or * to list all spells.
Aiming: Ensorcelled Hibernation (safe; 1% risk of failure)
Press: ? - help, Shift-Dir - straight line, f/p - komodo dragon
Aim: a komodo dragon (lightly wounded, chance to affect: 42%)
The komodo dragon resists with some effort.
The komodo dragon is struck by your spines.
The komodo dragon completely misses you.
Casting: Ensorcelled Hibernation (safe; 1% risk of failure)
Confirm with . or Enter, or press ? or * to list all spells.
Aiming: Ensorcelled Hibernation (safe; 1% risk of failure)
Press: ? - help, Shift-Dir - straight line, f/p - komodo dragon
Aim: a komodo dragon (lightly wounded, chance to affect: 42%)
The komodo dragon resists with some effort.
You block the komodo dragon's attack.
Casting: Ensorcelled Hibernation (safe; 1% risk of failure)
Confirm with . or Enter, or press ? or * to list all spells.
Aiming: Ensorcelled Hibernation (safe; 1% risk of failure)
Press: ? - help, Shift-Dir - straight line, f/p - komodo dragon
Aim: a komodo dragon (lightly wounded, chance to affect: 42%)
The komodo dragon resists with some effort.
The komodo dragon is struck by your spines.
The komodo dragon barely misses you.
Casting: Ensorcelled Hibernation (safe; 1% risk of failure)
Confirm with . or Enter, or press ? or * to list all spells.
Aiming: Ensorcelled Hibernation (safe; 1% risk of failure)
Press: ? - help, Shift-Dir - straight line, f/p - komodo dragon
Aim: a komodo dragon (moderately wounded, chance to affect: 42%)
The komodo dragon resists with some effort.
The komodo dragon is struck by your spines.
The komodo dragon bites you!!
You die...

~~(...###....P##.#
~...........###
#.# ~...........#
#.# ~F........###
#. ~........##
~♣#.#...##
♣P.....# ♣♣#..#†#
#..#@# ##.#l#
#...# ####


You could see a komodo dragon.

Vanquished Creatures
  2 two-headed ogres (D:10)
  Amaemon (D:10)
  A manticore (D:9)
  An orange demon (D:10)
  2 kobold demonologists (D:11)
  A queen bee (D:9)
  A troll (D:9)
  5 blink frogs (Lair:1)
  Sigmund (D:3)
  2 shadows
  A wyvern (D:11)
  11 yaks
  4 water moccasins
  2 black bears
  3 orc warriors (D:10)
  3 ice beasts
  6 ogres
  3 centaurs
  4 kobold brigands
  A gnoll sergeant (D:8)
  3 bullfrogs
  5 scorpions (Ossuary)
  3 wights (D:8)
  20 killer bees
  An electric eel (D:7)
  3 howler monkeys
  A crimson imp (D:4)
  2 centaur zombies (Ossuary)
  3 human zombies (Ossuary)
  A hound (D:4)
  A jelly (D:6)
  3 orc priests
  5 gnoll boudas (D:10)
  5 iguanas
  An iron imp (D:4)
  3 orc wizards
  4 scorpion zombies (Ossuary)
  3 mummies (Ossuary)
  8 gnolls
  An adder (D:2)
  A white imp (D:6)
  An ufetubus (D:7)
  6 worms
  4 dart slugs
  33 orcs
  5 bats
  7 endoplasms
  4 giant cockroaches
  14 goblins
  7 hobgoblins
  19 kobolds
  5 quokkas
  3 ball pythons
  2 frilled lizards (D:1)
  2 gnoll zombies (Ossuary)
  4 hobgoblin zombies (Ossuary)
  A kobold zombie (Ossuary)
  3 orc zombies (Ossuary)
  10 rats
262 creatures vanquished.

Vanquished Creatures (collateral kills)
  A komodo dragon (D:10)
  A rime drake (Lair:1)
  4 yaks
  A shadow (D:11)
  A steam dragon (D:8)
  A wyvern (D:9)
  An acid dragon (D:8)
  2 sky beasts (D:7)
  3 ogres
  A centaur (D:8)
  3 kobold brigands
  2 scorpions (Ossuary)
  5 wights
  16 killer bees
  A jelly (D:8)
  3 centaur zombies (Ossuary)
  2 orc priests
  An orc wizard (D:10)
  3 gnolls
  An adder (D:6)
  3 orcs (D:8)
  A hobgoblin (D:7)
  5 goblins
  9 kobolds
71 creatures vanquished.

Vanquished Creatures (others)
  3 knights
  5 fungi (D:10)
  11 plants
19 creatures vanquished.

Grand Total: 352 creatures vanquished

Notes
Turn   | Place    | Note
-------+----------+-------------------------------------------
     0 | D:1      | zlionsfan the Demonspawn Enchanter began the quest for the
                  | Orb.
     0 | D:1      | Reached XP level 1. HP: 13/13 MP: 3/3
    78 | D:1      | Found Hufairch's Antique Weapon Shop.
   273 | D:1      | Reached skill level 1 in Short Blades
   577 | D:1      | Gained mutation: You are partially covered in sharp spines.
                  | [demonic ancestry]
   577 | D:1      | Reached XP level 2. HP: 19/19 MP: 5/5
   584 | D:1      | Learned a level 2 spell: Ensorcelled Hibernation
   741 | D:1      | Found a faded altar of an unknown god.
  1292 | D:2      | Reached XP level 3. HP: 25/25 MP: 6/6
  1833 | D:2      | Reached skill level 1 in Fighting
  2515 | D:3      | Found Unimoarr's Distillery.
  2518 | D:3      | Bought a potion of curing for 39 gold pieces
  2518 | D:3      | Bought a potion of heal wounds for 65 gold pieces
  2673 | D:3      | Gained mutation: You are mostly covered in sharp spines.
                  | [demonic ancestry]
  2673 | D:3      | Reached XP level 4. HP: 32/32 MP: 5/8
  2713 | D:3      | Found Joafeice's Jewellery Shop.
  2988 | D:3      | Found a hide-covered altar of Uskayaw.
  2990 | D:3      | Identified the +3 buckler "Edarumupn" {rElec rC+}
  3061 | D:3      | Noticed Sigmund
  3171 | D:3      | Killed Sigmund
  3172 | D:3      | Discovered your monstrous ancestry.
  3172 | D:3      | Gained mutation: You have a pair of small horns on your
                  | head. [demonic ancestry]
  3172 | D:3      | Reached XP level 5. HP: 28/38 MP: 6/9
  3347 | D:3      | Learned a level 3 spell: Confusing Touch
  3412 | D:4      | Found a hazy altar of Hepliaklqana.
  3425 | D:4      | Became a worshipper of Hepliaklqana the Forgotten
  3571 | D:3      | Gained mutation: You are completely covered in sharp
                  | spines. [demonic ancestry]
  3571 | D:3      | Reached XP level 6. HP: 33/44 MP: 2/10
  3893 | D:4      | Found a radiant altar of Vehumet.
  3894 | D:4      | Found a burning altar of Makhleb.
  3942 | D:4      | Found a snail-covered altar of Cheibriados.
  4017 | D:4      | Reached skill level 1 in Ice Magic
  5042 | D:4      | Found an opulent altar of Gozag.
  5042 | D:4      | Found an ornate altar of the Wu Jian Council.
  5089 | D:5      | Entered Level 5 of the Dungeon
  5091 | D:5      | Gained mutation: You have large cloven feet. [demonic
                  | ancestry]
  5091 | D:5      | Reached XP level 7. HP: 51/51 MP: 12/12
  5112 | D:5      | Reached * piety under Hepliaklqana
  5123 | D:5      | Found a staircase to the Ecumenical Temple.
  5129 | Temple   | Entered the Ecumenical Temple
  5412 | D:5      | Found Asoist's Book Shoppe.
  5473 | D:5      | Learned a level 3 spell: Tukima's Dance
  5799 | D:1      | Bought a translucent dagger for 231 gold pieces
  5799 | D:1      | Identified the +3 dagger of Rubbish {spect, rN+} (You
                  | bought it in a shop on level 1 of the Dungeon)
  6460 | D:6      | Reached skill level 5 in Hexes
  6684 | D:6      | Reached skill level 1 in Shields
  6684 | D:6      | Reached skill level 1 in Invocations
  6684 | D:6      | Reached XP level 8. HP: 43/52 MP: 7/14
  6708 | D:6      | Learned a level 3 spell: Dazzling Flash
  6715 | D:6      | Found a sand-covered staircase.
  6722 | Ossuary  | Entered an ossuary
  6803 | Ossuary  | Reached skill level 5 in Stealth
  6877 | Ossuary  | Reached skill level 5 in Spellcasting
  7501 | D:6      | Gained mutation: You have a pair of horns on your head.
                  | [demonic ancestry]
  7501 | D:6      | Reached XP level 9. HP: 59/59 MP: 13/16
  7761 | D:6      | Reached ** piety under Hepliaklqana
  7762 | D:6      | Remembered your ancestor Izel as a knight
  7911 | D:6      | Found a stormy altar of Qazlal.
  7929 | D:6      | Reached skill level 5 in Short Blades
  8059 | D:7      | Found a sparkling altar of Nemelex Xobeh.
  8163 | D:7      | Reached skill level 5 in Fighting
  8326 | D:7      | Identified the +9 dagger "Gaahik" {chaos, rF++}
  8606 | D:7      | Found a large runed translucent door.
  8606 | D:7      | Found a large runed translucent door.
  8609 | D:7      | Found a shimmering altar of Xom.
  8666 | D:7      | Identified the +9 sling of Giviuduli {vorpal, Str+3}
  9813 | D:8      | Reached *** piety under Hepliaklqana
  9813 | D:8      | Found the amulet of Elemental Vulnerability {rPois rF--
                  | rC-- AC+8}
  9885 | D:8      | Reached skill level 1 in Conjurations
  9885 | D:8      | Gained mutation: You have a pair of large horns on your
                  | head. [demonic ancestry]
  9885 | D:8      | Reached XP level 10. HP: 58/65 MP: 18/18
 10926 | D:9      | Noticed a manticore
 10930 | D:9      | Killed a manticore
 11129 | D:9      | Reached skill level 5 in Invocations
 11454 | D:9      | Reached **** piety under Hepliaklqana
 11523 | D:9      | Found a broken altar of Ashenzari.
 11599 | D:9      | Learned a level 4 spell: Fulminant Prism
 11694 | D:10     | Entered Level 10 of the Dungeon
 11811 | D:10     | Reached XP level 11. HP: 50/72 MP: 15/21
 11931 | D:10     | Noticed a two-headed ogre
 11936 | D:10     | Killed a two-headed ogre
 11993 | D:10     | Noticed Amaemon
 12004 | D:10     | Killed Amaemon
 12087 | D:10     | Found a staircase to the Lair.
 12207 | D:10     | Noticed a two-headed ogre
 12221 | D:10     | Killed a two-headed ogre
 13237 | D:11     | Noticed a sixfirhy
 13571 | Lair:1   | Entered Level 1 of the Lair of Beasts
 13680 | Lair:1   | Reached skill level 5 in Conjurations
 13752 | Lair:1   | Reached skill level 5 in Ice Magic
 13767 | Lair:1   | Mangled by a komodo dragon

Illustrated notes

Levels and vault maps discovered:
D:1:      lightli_arrival_isolated_outpost, layout_rooms,
          hellmonk_ecumenical_altar_lost_god, serial_shops,
          nicolae_shop_window_shopping, amcnicky_mini_corridor_feature,
          minmay_tree_intersection, chequers_serial_rivers_small_b,
          minmay_misc_feat_alley
D:2:      layout_basic
D:3:      layout_loops_corners, eat_drink_and_be_merry_uskayaw, serial_shops,
          nicolae_shop_behind_doors, shop, uniq_sigmund
D:4:      layout_gridville, grunt_temple_overflow_lords_of_destruction,
          mainiacjoe_overflow_tiny_flanked, slow_altar_1,
          gammafunk_temple_overflow_pools, mainiacjoe_overflow_alcove_2,
          minmay_goblin_outpost
D:5:      layout_basic, tso_oasis_becter, minmay_temple_entry_waves,
          serial_shops, kennysheep_mini_moat, cheibrodos_sewer_entry_bend,
          minmay_manual_maat
D:6:      layout_basic, nicolae_qazlal_scattered_showers,
          chequers_ossuary_entry_cave, minmay_ogre_servants
D:7:      due_chaos_kobolds, layout_basic, mainiacjoe_overflow_alcove_1,
          enter_bailey_4, minivault_4, minmay_misc_feat_five
D:8:      layout_basic
D:9:      layout_roguey [special_room_bee], cheibrodos_ashenzari_chains
D:10:     kennysheep_seaside_town, layout_irregular_city, david_lair_shrubbed,
          serial_park_tiny_pond, grunt_decor_cap, minmay_misc_feat_tower,
          nicolae_fountain_basement, uniq_amaemon
D:11:     layout_loops_corners
Temple:   eino_temple_lava
Lair:1:   layout_hall_layers, serial_bayou_shore_a, lemuel_fruit_tree

Skill      XL: |  1  2  3  4  5  6  7  8  9 10 11 |
---------------+----------------------------------+-----
Short Blades   | 1 2 3 4 5 7 |  7.8
Fighting       | 1 2 3 4 5 6 |  6.0
Stealth        | 3 4 5 6 7 |  7.7
Dodging        | 2 3 |  3.7
Spellcasting   | 3 4 5 6 7 |  7.9
Hexes          | 4 5 6 |  6.7
Ice Magic      | 1 2 3 4 5 |  5.0
Shields        | 1 2 3 |  3.1
Invocations    | 1 2 4 5 6 |  6.9
Conjurations   | 1 3 5 |  5.2
Ranged Weapons | |  0.5

Action                   |  1- 3 |  4- 6 |  7- 9 | 10-12 || total
-------------------------+-------+-------+-------+-------++-------
Melee: Dagger            |    81 |    61 |   159 |   153 ||   454
       Punch             |     1 |       |       |       ||     1
       Headbutt          |       |     5 |    39 |    34 ||    78
       Kick              |       |       |    46 |    43 ||    89
 Fire: Sling             |       |       |       |     2 ||     2
 Cast: Ensorcelled Hiber |    23 |    29 |    36 |    56 ||   144
       Confusing Touch   |       |       |     1 |       ||     1
Invok: Recall Ancestor   |       |       |     2 |       ||     2
       Ancestor Life: Kn |       |       |     1 |       ||     1
Evoke: Wand              |       |       |     1 |       ||     1
  Use: Potion            |     1 |     2 |     1 |     7 ||    11
       Scroll            |       |       |    13 |     4 ||    17
 Stab: Sleeping          |    26 |    20 |    16 |    29 ||    91
       Distracted        |       |       |    10 |     6 ||    16
Armor: Robe              |     6 |     5 |    23 |    16 ||    50
Dodge: Dodged            |    32 |    28 |    54 |    74 ||   188
Block: Buckler           |       |    23 |    40 |    59 ||   122
